 Dungeon Crawl Stone Soup version 0.31-a0-521-gc7390f8997 (webtiles) character file.

Game seed: 13962206163442360488

40 kae the Changeling (level 3, 0/26 HPs)
             Began as a Demonspawn Shapeshifter on Aug 10, 2023.
             Slain by Terence
             ... wielding a +0 mace
              (7 damage)
             ... on level 2 of the Dungeon.
             The game lasted 00:01:03 (1321 turns).

kae the Changeling (Demonspawn Shapeshifter)        Turns: 1321, Time: 00:01:03

Health: 0/26       AC:  2    Str: 15    XL:     3   Next: 30%
Magic:  3/3        EV: 12    Int:  9    God:
Gold:   31         SH:  0    Dex: 15    Spells: 2/2 levels left

rFire   . . .        e - +0 dagger (venom)
rCold   . . .        (no shield)
rNeg    . . .        a - +0 animal skin
rPois   .            (helmet currently unavailable)
rElec   .            (cloak currently unavailable)
rCorr   .            (gloves currently unavailable)
SInv    .            (boots currently unavailable)
Will    .....        (no amulet)
Stlth   +            (no ring)
HPRegen 0.24/turn    (no ring)
MPRegen 0.08/turn

%: no passive effects
@: beast-form
A: beast (slay +2), demonic magic 1
a: Begin Untransformation


You were on level 2 of the Dungeon.
You were a hulking beast.
You visited 1 branch of the dungeon, and saw 2 of its levels.

You collected 31 gold pieces.


Innate Abilities, Weirdness & Mutations

You are a hulking beast.
Your limbs bulge with bestial killing power. (Slay +2)
Spells you cast may paralyse adjacent enemies.


   Skills:
 - Level 1.0 Fighting
 - Level 1.7 Dodging
 + Level 3.2 Unarmed Combat
 * Level 3.3 Shapeshifting


You had 2 spell levels left.
You didn't know any spells.
Your spell library contained the following spells:

 Spells                   Type           Power      Damage    Failure   Level
 Slow                     Hex            0%         N/A       38%         1
 Confusing Touch          Hex            0%         N/A       77%         3
 Vampiric Draining        Necr           0%         2d6       77%         3

Inventory:

Hand Weapons
 e - a +0 dagger of venom (weapon)
   (You took it off a goblin on level 1 of the Dungeon)
Missiles
 g - 7 stones
 i - 2 boomerangs
Armour
 a - a +0 animal skin (worn)
Jewellery
 F - a ring of fire
   (You found it on level 1 of the Dungeon)
Talismans
 c - a beast talisman (active)
 d - a flux talisman
Potions
 b - a potion of magic {unknown}
 h - a potion of degeneration {unknown}
 k - a potion of curing {@q1}

Dungeon Overview and Level Annotations

Branches:
Dungeon (2/15) Zot: 10677

Altars:

Annotations:
D:2 Terence

#########.###'#####,*****,*
#.....# *,,* *,* #.##### *,,*
*,* #.# *,,* *,* #.# **,,* *,*
#.#***##*,,,*****,*
#..,,..,,,,,,,,,,,*
###############.#.#..,,*******
#............h@......>,,,,,,,,
#.#############.#.#.#*,****,,,
#.# *,..,,**,* *,,, #.#
***.#***,* *,,, #.# *,# *,*
*,,, ####.# *,* *,* *,,,
.....# *,* *,****,,, ######
*,* *,,,,,,**
****************,* ******,**


You could see Terence (very poisoned).


Message History

You feel sick.
You have reached level 3!
Your experience leads to an increase in your attributes!
Increase (S)trength, (I)ntelligence, or (D)exterity?
You feel agile. x2 😨 HP[+1] MP[+1]
You now have 26 max hp (+5).
Your mp is fully restored (3).
You feel sick. 😨 HP[-1]
You take 1 damage, and now have 11/26 hp.
You feel sick.
You feel sick.
You are no longer poisoned. 😨 HP[-1]
You take 1 damage, and now have 10/26 hp. 😨 HP[+1]
There is a stone staircase leading up here.
You start resting. 😕 HP[+11]
You regained 11 hp, and now have 22/26 hp.
You open the door.
There is an open door here.
A rat comes into view.
You see here a +0 short sword. 😎 HP[+4]
Your hp is fully restored (26).
A rat is nearby!
You closely miss the rat. The rat bites you but does no damage.
A rat is nearby!
You hit the rat.
You kill the rat!
No target in view!
You see here a rat corpse.
You open the door.
There is an open door here.
You pick up a book of Debilitation and begin reading...
You add the spells Slow, Vampiric Draining and Confusing Touch to your library.
No target in view!
No target in view!
You now have 31 gold pieces (gained 9).
f - a scroll labelled NYSOMO TOECWE No target in view!
No target in view!
A giant cockroach comes into view.
A giant cockroach is nearby!
A giant cockroach is nearby!
A giant cockroach is nearby!
You barely miss the giant cockroach.
The giant cockroach bites you but does no damage.
A giant cockroach is nearby!
You hit the giant cockroach but do no damage.
The giant cockroach bites you but does no damage.
You barely miss the giant cockroach. The giant cockroach closely misses you.
A giant cockroach is nearby!
You hit the giant cockroach. The giant cockroach barely misses you.
You hit the giant cockroach.
The giant cockroach is poisoned.
You kill the giant cockroach!
A hobgoblin comes into view.
A hobgoblin is nearby!
The hobgoblin shouts!
A hobgoblin is nearby!
You hit the hobgoblin.
The hobgoblin is poisoned.
You kill the hobgoblin!
A ball python comes into view.
A ball python is nearby!
The ball python hisses angrily.
A ball python is nearby!
You hit the ball python.
You kill the ball python!
No target in view!
Terence the Incautious comes into view.
He is wielding a +0 mace.
Terence shouts!
Okay, then.
Okay, then.
Blink to where?
Press: ? - help, Dir - move target, f - you
Okay, then.
As you read the scroll labelled NYSOMO TOECWE, it crumbles to dust.
It was a scroll of blinking.
You hit Terence. Terence misses you.
You hit Terence but do no damage.
Terence is poisoned.
You punch Terence, but do no damage. Terence closely misses you.
Unknown command.
You hit Terence.
Terence hits you with a +0 mace! 😮 HP[-8]
You take 8 damage, and now have 18/26 hp.
MASSIVE DAMAGE!! (PAUSE)
You hit Terence but do no damage.
Terence looks even sicker.
Terence hits you with a +0 mace!
* * * LOW HITPOINT WARNING * * *
😨 HP[-9]
You take 9 damage, and now have 9/26 hp.
MASSIVE DAMAGE!! (PAUSE)
You hit Terence but do no damage. Terence hits you with a +0 mace!
* * * LOW HITPOINT WARNING * * *
😱 HP[-7]
You take 7 damage, and now have 2/26 hp.
MASSIVE DAMAGE!! (PAUSE) It was a potion of curing.
You feel better. Terence hits you with a +0 mace!
You die...

Skill      XL: |  1  2 |
---------------+-------+-----
Shapeshifting  | 3 |  3.3
Unarmed Combat | 3 |  3.2
Fighting       | |  1.0
Dodging        | |  1.7

Action                     || total
---------------------------++-------
  Melee: Dagger            ||    69
         Unarmed           ||     2
         Punch             ||     2
    Use: Potion            ||     2
         Scroll            ||     5
   Stab: Sleeping          ||     1
 Armour: Animal skin       ||    13
  Dodge: Dodged            ||    29

Levels and vault maps discovered:
D:1:      minmay_arrival_plants_in_alcoves, layout_loops_corners,
          chequers_serial_rivers_small_a
D:2:      layout_loops_ring, minmay_misc_feat_encased, uniq_terence

Notes
Turn   | Place    | Note
-------+----------+-------------------------------------------
     0 | D:1      | kae the Demonspawn Shapeshifter began the quest for the
                  | Orb.
     0 | D:1      | Reached XP level 1. HP: 15/15 MP: 1/1
     0 | D:1      | magus.rc [v1.11.3]
    40 | D:1      | HP: 5/22 [poisoned by a goblin]
   207 | D:1      | Reached skill level 3 in Shapeshifting
   207 | D:1      | Gained mutation: Spells you cast may paralyse adjacent
                  | enemies. [demonic ancestry]
   207 | D:1      | Reached XP level 2. HP: 17/21 MP: 2/2
   439 | D:1      | Reached skill level 3 in Unarmed Combat
  1047 | D:2      | Reached XP level 3. HP: 12/26 MP: 3/3
  1147 | D:2      | You pick up a book of Debilitation and begin reading...
  1147 | D:2      | You add the spells Slow, Vampiric Draining and Confusing
                  | Touch to your library.
  1311 | D:2      | Noticed Terence
  1320 | D:2      | HP: 2/26 [Terence/+0 mace (7)]
  1321 | D:2      | Slain by Terence

Vanquished Creatures
  An adder (D:2)
  2 dart slugs
  4 ball pythons
  3 endoplasms (D:1)
  2 giant cockroaches
  2 goblins (D:1)
  2 hobgoblins
  3 bats (D:1)
  2 kobolds (D:1)
  5 rats
26 creatures vanquished.

Table legend:
 A = Non-vault XP
 B = Vault XP
 C = Vault XP percentage of total XP
 D = Non-vault monster count
 E = Vault monster count
 F = Vault count percentage of total count
                 A         B        C        D         E       F
            +---------+---------+-------+---------+---------+-------
      Total |      58 |       0 |   0.0 |      26 |       0 |   0.0
            +---------+---------+-------+---------+---------+-------
        D:1 |      34 |       0 |   0.0 |      20 |       0 |   0.0
        D:2 |      24 |       0 |   0.0 |       6 |       0 |   0.0
            +---------+---------+-------+---------+---------+-------

Skill      XL: |  1  2 |
---------------+-------+-----
Shapeshifting  | 3 |  3.3
Unarmed Combat | 3 |  3.2
Fighting       | |  1.0
Dodging        | |  1.7

Action                     || total
---------------------------++-------
  Melee: Dagger            ||    69
         Unarmed           ||     2
         Punch             ||     2
    Use: Potion            ||     2
         Scroll            ||     5
   Stab: Sleeping          ||     1
 Armour: Animal skin       ||    13
  Dodge: Dodged            ||    29

Illustrated notes

Table legend:
 A = Kills in this place as a percentage of kills in the entire game.
 B = Kills by you in this place as a percentage of kills by you in the entire game.
 C = Kills by friends in this place as a percentage of kills by friends in the entire game.
 D = Other kills in this place as a percentage of other kills in the entire game.
 E = Experience gained in this place as a percentage of experience gained in the entire game.
 F = Experience gained in this place divided by the number of levels of this place that you have seen.
                   A       B       C       D       E      F
               +-------+-------+-------+-------+-------+----------------------
         Total | 100.0 | 100.0 |   N/A |   N/A | 100.0 |  29.0
       Dungeon | 100.0 | 100.0 |   N/A |   N/A | 100.0 |  29.0
               +-------+-------+-------+-------+-------+----------------------

Table legend: (Time is in decaauts)
 A = Elapsed time spent in this place.
 B = Non-inter-level travel time spent in this place.
 C = Inter-level travel time spent in this place.
 D = Time resting spent in this place.
 E = Time spent auto-exploring this place.
 F = Levels seen in this place.
 G = Mean time per level.
                   A        B        C        D        E       F      G
               +--------+--------+--------+--------+--------+-----+--------+
         Total |   1321 |   1268 |     53 |    107 |    966 |   2 |  660.5 |
       Dungeon |   1321 |   1268 |     53 |    107 |    966 |   2 |  660.5 |
               +--------+--------+--------+--------+--------+-----+--------+

Top non-repeatable levels by time:
     D:1: 983 daAuts
     D:2: 338 daAuts
